 Dungeon Crawl Stone Soup version 0.28-a0-863-g8cecda6153 (webtiles) character file.

Game seed: 18221769353550379063

43107 Zenkrye the Fighter (level 14, 0/156 HPs)
             Began as an Ogre Transmuter on Nov 16, 2021.
             Was a High Priest of Wu Jian.
             Slain by a centaur warrior (2 damage)
             ... on level 13 of the Dungeon on Nov 17, 2021.
             The game lasted 01:08:29 (19078 turns).

Zenkrye the Fighter (Ogre Transmuter)              Turns: 19078, Time: 01:08:30

Health: 0/156      AC:  2    Str: 17    XL:     14   Next: 22%
Magic:  25/28      EV: 22    Int: 22    God:    Wu Jian [*****.]
Gold:   2335       SH:  0    Dex:  9    Spells: 2/20 levels left

rFire   . . .      SeeInvis .     - Unarmed
rCold   + . .      Faith    .   (shield currently unavailable)
rNeg    . . .      Spirit   .   (armour currently unavailable)
rPois   x          Reflect  .   (helmet currently unavailable)
rElec   .          Harm     .   (cloak currently unavailable)
rCorr   +          Rampage  .   (gloves unavailable)
Will    +....                   (boots unavailable)
Stlth   +.........              g - amulet of regeneration
HPRegen 1.36/turn               k - ring "Wiymec" {Contam rC+ rCorr Dex-5 Slay+5}
MPRegen 0.21/turn               s - ring "Suum" {MP+9 Int+4}

@: spider-form, wereblooded
A: venomous fangs, tiny, unfitting armour, (tough skin 1)
a: End Transformation, Renounce Religion, Wall Jump, Serpent's Lash, Heavenly
Storm


You were on level 13 of the Dungeon.
You worshipped Wu Jian.
Wu Jian was extremely pleased with you.
You were a venomous arachnid creature.
You visited 4 branches of the dungeon, and saw 20 of its levels.
You also visited: Bailey.

You collected 2845 gold pieces.
You spent 510 gold pieces at shops.

Inventory:

Hand Weapons
 Y - a +6 fustibalus of freezing (melded)
Missiles
 e - 60 boomerangs
 y - 171 sling bullets
 B - 4 boomerangs of dispersal (quivered)
 H - a curare-tipped dart
 K - 5 atropa-tipped darts
Armour
 a - a +0 robe (melded)
 x - a +0 kite shield
 A - a +2 cloak (melded)
 E - +1 acid dragon scales
 J - a +0 hat (melded)
Jewellery
 c - a ring of ice
 f - a ring of protection from fire
 g - an amulet of regeneration (around neck)
 k - the ring "Wiymec" (left front leg) {Contam rC+ rCorr Dex-5 Slay+5}
   (You bought it in a shop on level 13 of the Dungeon)

   [ring of protection from cold]

   Dex:       It affects your dexterity (-5).
   Slay:      It affects your accuracy & damage with ranged weapons and melee
   (+5).
   rC:        It protects you from cold.
   Contam:    It causes magical contamination when unequipped.
   rCorr:     It protects you from acid and corrosion.
 p - a +4 ring of protection
 s - the ring "Suum" (right front leg) {MP+9 Int+4}
   (You acquired it on level 4 of the Dungeon)

   [ring of magical power]

   Int:       It affects your intelligence (+4).
   MP:        It affects your magic capacity (+9).
 w - a ring of wizardry
 P - a ring of flight
 R - a ring of see invisible
 V - a ring of willpower
Wands
 z - a wand of flame (73)
 F - a wand of polymorph (6)
 G - a wand of iceblast (5) {@v4}
 N - a wand of digging (4) {@v1}
Scrolls
 i - a scroll of identify {@r1}
 m - 3 scrolls of fear
 n - 2 scrolls of blinking {@r4}
 o - a scroll of amnesia
 r - 7 scrolls of teleportation {@r3}
 D - 3 scrolls of immolation
 M - a scroll of silence
 T - a scroll of enchant armour
Potions
 b - 3 potions of haste {@q3}
 d - 2 potions of berserk rage
 h - 9 potions of curing {@q1}
 j - 4 potions of brilliance
 l - 3 potions of cancellation
 t - 3 potions of magic
 C - 2 potions of flight
 I - 3 potions of heal wounds {@q2}
 L - 4 potions of might {@q4}
 W - a potion of resistance {@q6}
 Z - a potion of ambrosia
Miscellaneous
 q - a tin of tremorstones (2/2)
 O - a box of beasts
 X - a condenser vane


   Skills:
 + Level 14.3 Fighting
 + Level 0.0 Throwing
 + Level 10.2 Dodging
 + Level 13.7 Unarmed Combat
 + Level 3.5 Spellcasting
 + Level 9.3 Transmutations
 - Level 4.0 Ice Magic
 - Level 2.0 Poison Magic
 + Level 3.5 Evocations


You had 2 spell levels left.
You knew the following spells:

 Your Spells              Type           Power      Damage    Failure   Level
a - Passwall              Tmut/Erth      20%        N/A       10%         2
b - Spider Form           Tmut/Pois      28%        N/A       12%         3
c - Ice Form              Ice/Tmut       33%        N/A       21%         4
d - Wereblood             Tmut           44%        N/A       3%          2
e - Dragon Form           Tmut           22%        N/A       98%         7

Your spell library contained the following spells:

 Spells                   Type           Power      Damage    Failure   Level
 Beastly Appendage        Tmut           88%        N/A       2%          1
 Sandblast                Erth           6%         2d5       28%         1
 Slow                     Hex            12%        N/A       28%         1
 Blink                    Tloc           6%         N/A       38%         2
 Ozocubu's Armour         Ice            21%        N/A       19%         3
 Blade Hands              Tmut           22%        N/A       19%         5
 Ignite Poison            Fire/Tmut/Pois 20%        N/A       21%         3
 Mephitic Cloud           Conj/Pois/Air  6%         N/A       47%         3
 Confusing Touch          Hex            3%         N/A       56%         3
 Conjure Flame            Conj/Fire      3%         6-21      56%         3
 Lesser Beckoning         Tloc           3%         N/A       56%         3
 Stone Arrow              Conj/Erth      6%         3d7       56%         3
 Tukima's Dance           Hex            3%         N/A       56%         3
 Vampiric Draining        Necr           3%         2d6       56%         3
 Irradiate                Conj/Tmut      12%        3d18      65%         5
 Yara's Violent Unravell  Hex/Tmut       12%        3d7       65%         5
 Passage of Golubria      Tloc           3%         N/A       89%         4
 Sticky Flame             Conj/Fire      3%         2d3       89%         4
 Freezing Cloud           Conj/Ice/Air   4%         6-21      96%         5
 Manifold Assault         Tloc           3%         N/A       99%         5
 Ozocubu's Refrigeration  Ice            10%        4d7       100%        7


Dungeon Overview and Level Annotations

Branches:
Dungeon (13/15)            Temple (1/1) D:6            Lair (4/6) D:9
 Shoals (0/4) Lair:3        Snake (0/4) Lair:2          Orc (2/2) D:11
 Bailey (visited)
    Elf: Orc:2       Vaults: D:13-14

Altars:
Ashenzari
Cheibriados
Dithmenos
Elyvilon
Fedhas
Gozag
Hepliaklqana
Kikubaaqudgha
Makhleb
Nemelex Xobeh
Okawaru
Qazlal
Ru
Sif Muna
Trog
Uskayaw
Vehumet
Wu Jian
Xom
Yredelemnul
Zin
The Shining One

Shops:
D:3 ?   D:7 [   D:9 *   D:13 =[:

Annotations:
D:3 3 runed translucent doors, Encipher's ghost, amateur DrTm
D:9 exclusion: ice statue
Lair:1 1 runed translucent door, kklluuttzz's ghost, journeyman FoWr
Orc:2 Donald


Innate Abilities, Weirdness & Mutations

You are a venomous arachnid creature.
You have poisonous fangs.
You are tiny and dextrous.
Your spellcasting is less reliable in this form.
Your armour is entirely melded.
You are incapable of wielding weapons or throwing items.
You are too large for most types of armour.
((You have tough skin. (AC +1)))


Message History

The centaur warrior shoots an arrow.
The arrow hits you!
* * * LOW HITPOINT WARNING * * *
The centaur shoots an arrow.
The arrow closely misses you.
The centaur warrior shoots an arrow.
The arrow misses you.
You lunge at the centaur.
You hit the centaur.
The centaur is poisoned.
The centaur is moderately wounded.
The centaur unwields a +0 shortbow.
The centaur misses you. x2
The centaur warrior unwields a +0 shortbow.
The centaur warrior closely misses you. The centaur warrior kicks you.
* * * LOW HITPOINT WARNING * * *
The centaur barely misses you. x2
You maul the centaur warrior!!
The centaur warrior is moderately wounded.
The centaur warrior hits you!
* * * LOW HITPOINT WARNING * * *
The centaur warrior closely misses you.
The centaur shoots an arrow.
The arrow misses you.
You bite the centaur!
The centaur looks as sick as possible!
The centaur is almost dead.
The centaur warrior hits you.
* * * LOW HITPOINT WARNING * * *
The centaur warrior kicks you.
* * * LOW HITPOINT WARNING * * *
The centaur hits you.
* * * LOW HITPOINT WARNING * * *
The centaur completely misses you.
The centaur shoots an arrow.
The arrow hits you.
* * * LOW HITPOINT WARNING * * *
You feel much better.
You feel a bit better.
You kill the centaur!
The Council accepts your kill. The centaur warrior hits you!
* * * LOW HITPOINT WARNING * * *
The centaur warrior barely misses you.
The centaur shoots an arrow.
The arrow hits you.
* * * LOW HITPOINT WARNING * * *
The centaur warrior hits you!
* * * LOW HITPOINT WARNING * * *
The centaur warrior kicks you.
You die...

.........#....#
.........#....#
..............'
.##.......+####
##+######.##...#........
#..........#..###.......
#..(...c...#.#.#.#......
#.....c....#...#........
#s)# #...#........
##..###...#...#####
+.........#....#...
#..............#...
#..............#...
###################


You could see a centaur warrior and a centaur.

Vanquished Creatures
  Gastronok (Lair:3)
  A sphinx (D:13)
  A quicksilver ooze (Lair:4)
  An ettin (D:13)
  3 hydras
  A boulder beetle (D:11)
  A centaur warrior (D:13)
  2 two-headed ogres
  2 orc knights
  2 deep elf pyromancers
  4 cyclopes
  A manticore (D:12)
  5 elephants (Lair:2)
  3 black mambas
  7 cane toads
  3 kobold demonologists (D:10)
  An unseen horror (D:12)
  Maggie (D:10)
  Psyche (D:10)
  2 rime drakes (Lair:4)
  10 komodo dragons
  6 trolls
  2 hornets
  5 slime creatures
  A polar bear (Lair:4)
  13 blink frogs
  A snapping turtle (Lair:3)
  Sigmund (D:5)
  A shadow (D:10)
  39 yaks
  2 wyverns
  4 wraiths
  Grum (D:9)
  3 basilisks
  4 vampire mosquitoes (D:11)
  3 wargs
  3 nagas (Lair:2)
  2 acid dragons (D:12)
  12 water moccasins
  3 black bears
  4 ogres
  17 orc warriors
  2 ice beasts
  7 wolves
  6 centaurs
  3 kobold brigands (D:10)
  3 gnoll sergeants
  12 bullfrogs
  A wyvern zombie (D:6)
  2 scorpions
  2 water moccasin skeletons
  3 wights (D:9)
  2 howler monkeys (D:12)
  5 electric eels
  2 centaur zombies
  6 hounds
  6 jellies
  16 orc priests
  3 centaur skeletons
  A gnoll shaman (D:5)
  3 iguanas
  14 orc wizards
  A killer bee zombie (D:7)
  A howler monkey zombie (D:8)
  22 gnolls
  7 adders
  2 shadow imps
  An adder skeleton (D:4)
  2 worms
  50 orcs
  11 ball pythons
  4 endoplasms
  4 giant cockroaches
  14 goblins
  8 hobgoblins
  3 jackals (D:1)
  19 kobolds
  6 quokkas
  5 bats
  5 frilled lizards
  7 rats
451 creatures vanquished.

Vanquished Creatures (others)
  A kobold (D:1)
  13 fungi
  39 plants
  2 withered plants (Lair:1)
55 creatures vanquished.

Grand Total: 506 creatures vanquished

Notes
Turn   | Place    | Note
-------+----------+-------------------------------------------
     0 | D:1      | Zenkrye the Ogre Transmuter began the quest for the Orb.
     0 | D:1      | Reached XP level 1. HP: 19/19 MP: 3/3
   269 | D:1      | Reached skill level 2 in Fighting
   271 | D:1      | Reached XP level 2. HP: 26/28 MP: 3/5
  1245 | D:1      | Reached XP level 3. HP: 36/36 MP: 4/6
  1249 | D:1      | Learned a level 3 spell: Spider Form
  1664 | D:2      | Noticed a great orb of eyes
  1669 | D:2      | Found a faded altar of an unknown god.
  1671 | D:2      | Noticed a floating eye
  1671 | D:2      | Noticed a golden eye
  1671 | D:2      | Noticed a golden eye
  2141 | D:2      | Found an iron altar of Okawaru.
  2208 | D:2      | Found Wuemi's General Store.
  2606 | D:3      | Reached XP level 4. HP: 31/44 MP: 4/8
  2613 | D:3      | Reached skill level 3 in Fighting
  2799 | D:3      | You fall into a shaft and drop 3 floors!
  2799 | D:6      | Noticed a gnoll sergeant
  2823 | D:6      | Reached XP level 5. HP: 40/53 MP: 6/9
  2830 | D:6      | HP: 1/53 [gnoll sergeant (15)]
  2856 | D:6      | Reached skill level 1 in Poison Magic
  3003 | D:6      | Reached XP level 6. HP: 26/62 MP: 7/10
  3142 | D:5      | Entered Level 5 of the Dungeon
  3172 | D:5      | Learned a level 4 spell: Ice Form
  3175 | D:5      | Learned a level 2 spell: Wereblood
  3225 | D:5      | Reached skill level 4 in Fighting
  3260 | D:5      | Reached XP level 7. HP: 39/71 MP: 7/11
  3447 | D:5      | Reached skill level 5 in Unarmed Combat
  3480 | D:5      | Noticed Sigmund
  3485 | D:5      | Killed Sigmund
  3486 | D:5      | Reached skill level 5 in Fighting
  3665 | D:3      | Found Jiegud's Magic Scroll Shop.
  3675 | D:4      | Reached XP level 8. HP: 78/80 MP: 4/12
  4080 | D:3      | Found a runed translucent gate.
  4081 | D:3      | Found a runed translucent gate.
  4081 | D:3      | Found a runed translucent gate.
  4082 | D:3      | Noticed Encipher's ghost (amateur DrTm)
  5371 | D:5      | Reached skill level 6 in Fighting
  5418 | D:5      | Reached skill level 1 in Ice Magic
  5657 | D:4      | Identified a scroll of acquirement
  5657 | D:4      | Acquired the ring "Suum" {MP+9 Int+4}
  5826 | D:5      | Reached XP level 9. HP: 91/92 MP: 13/13
  6360 | D:6      | Found a staircase to the Ecumenical Temple.
  6368 | Temple   | Entered the Ecumenical Temple
  6417 | Temple   | Became a worshipper of the Wu Jian Council
  7212 | D:7      | Found Wool's Armour Boutique.
  7245 | D:7      | Reached skill level 7 in Fighting
  7605 | D:7      | Reached skill level 5 in Transmutations
  7965 | D:7      | Reached skill level 5 in Dodging
  8165 | D:8      | Reached * piety under Wu Jian
  8211 | D:8      | Reached XP level 10. HP: 104/104 MP: 14/14
  8557 | D:8      | Reached skill level 8 in Fighting
  8641 | D:9      | Found a staircase to the Lair.
  8662 | D:9      | Noticed Grum
  8685 | D:9      | Killed Grum
  8777 | D:9      | Found a shimmering blue altar of Sif Muna.
  8811 | D:9      | Found Xaschus's General Store.
  9005 | D:9      | Noticed an ice statue
  9378 | D:10     | Entered Level 10 of the Dungeon
  9388 | D:10     | Noticed a kobold demonologist
  9412 | D:10     | Killed a kobold demonologist
  9414 | D:10     | Noticed a kobold demonologist
  9414 | D:10     | Noticed a kobold demonologist
  9422 | D:10     | Killed a kobold demonologist
  9430 | D:10     | Killed a kobold demonologist
  9431 | D:10     | Reached skill level 9 in Fighting
  9625 | D:10     | Reached ** piety under Wu Jian
  9676 | D:10     | Noticed Maggie
  9701 | D:10     | Reached XP level 11. HP: 86/115 MP: 15/15
  9751 | D:10     | Noticed a two-headed ogre
  9759 | D:10     | Killed a two-headed ogre
 10088 | D:10     | Noticed Psyche
 10091 | D:10     | Killed Psyche
 10092 | D:10     | Reached skill level 10 in Unarmed Combat
 10204 | D:10     | Killed Maggie
 10428 | Lair:1   | Entered Level 1 of the Lair of Beasts
 10459 | D:9      | Reached skill level 10 in Fighting
 10870 | Lair:1   | Found a runed translucent door.
 10871 | Lair:1   | Noticed kklluuttzz's ghost (journeyman FoWr)
 11037 | Lair:1   | Noticed a five-headed hydra
 11045 | Lair:1   | Killed a five-headed hydra
 11046 | Lair:1   | Reached XP level 12. HP: 102/128 MP: 16/16
 11168 | Lair:1   | Noticed a six-headed hydra
 11176 | Lair:1   | Killed a six-headed hydra
 11177 | Lair:1   | Reached skill level 11 in Fighting
 11570 | Lair:2   | Found a staircase to the Snake Pit.
 11675 | Lair:2   | Reached *** piety under Wu Jian
 11698 | Lair:2   | Reached skill level 1 in Evocations
 13007 | Lair:3   | Reached skill level 12 in Fighting
 13038 | Lair:3   | Noticed Gastronok
 13051 | Lair:3   | Killed Gastronok
 13398 | Lair:3   | Noticed a four-headed hydra
 13405 | Lair:3   | Killed a four-headed hydra
 13406 | Lair:3   | Reached XP level 13. HP: 126/141 MP: 17/17
 13583 | Lair:3   | Learned a level 2 spell: Passwall
 13766 | Lair:3   | Found a staircase to the Shoals.
 13930 | Lair:4   | Reached **** piety under Wu Jian
 14169 | Lair:4   | Acquired 938 gold pieces
 14549 | Lair:4   | Reached skill level 13 in Fighting
 14623 | Lair:4   | Noticed a quicksilver ooze
 14630 | Lair:4   | Killed a quicksilver ooze
 15397 | D:11     | Found a staircase to the Orcish Mines.
 15524 | D:11     | Found a flagged portal.
 15552 | Bailey   | Entered a bailey
 15691 | Bailey   | Reached ***** piety under Wu Jian
 15698 | Bailey   | Found a burning altar of Makhleb.
 15996 | D:11     | Found a snail-covered altar of Cheibriados.
 16309 | D:11     | Learned a level 7 spell: Dragon Form
 16430 | Orc:1    | Entered Level 1 of the Orcish Mines
 16549 | Orc:2    | Entered Level 2 of the Orcish Mines
 16805 | Orc:2    | Noticed Donald
 17115 | D:12     | Reached skill level 10 in Dodging
 17158 | D:12     | Reached XP level 14. HP: 154/154 MP: 18/18
 17299 | D:12     | Reached skill level 14 in Fighting
 17585 | D:13     | Found Sous Nont's Book Boutique.
 17704 | D:13     | Found Naampej's Antique Armour Boutique.
 17764 | D:13     | Noticed a sphinx
 17779 | D:13     | Paralysed by a sphinx for 4 turns
 17789 | D:13     | Killed a sphinx
 18038 | D:13     | Found Raiple's Jewellery Emporium.
 18043 | D:13     | Bought the ring "Wiymec" {Contam rC+ rCorr Dex-5 Slay+5}
                  | for 510 gold pieces
 19078 | D:13     | HP: 2/156 [centaur warrior (15)]
 19078 | D:13     | Slain by a centaur warrior

Illustrated notes

Levels and vault maps discovered:
D:1:      dpeg_arrival_ratfight, layout_loops_cross, minmay_misc_feat_plants,
          amethyst_killhole, minmay_crystal_room, lemuel_old_faithful
D:2:      layout_basic, serial_shops, shop,
          hellmonk_ecumenical_altar_watching_god, grunt_ministairs_7,
          kennysheep_flooded_box
D:3:      layout_rooms, gammafunk_ghost_nasty_kobolds, serial_shops, shop
D:4:      minmay_opposing_rooms, layout_loops_ring, grunt_ministairs_12,
          hangedman_decor_peaks_small, minmay_misc_feat_secret_circle,
          minmay_misc_feat_chi, grunt_decor_cap, minmay_misc_feat_four_crosses
D:5:      layout_basic, uniq_sigmund
D:6:      layout_cave_pods, minmay_temple_entry_arrows
D:7:      layout_basic, serial_shops, nicolae_inconvenience_store
D:8:      layout_rooms
D:9:      cheibrodos_frozen_isle, layout_loops_ring, lemuel_blue_sif_altar,
          erik_lair_orcish_takeover, serial_shops, shop, uniq_grum
D:10:     layout_gridville, mumra_transporter_accident, uniq_maggie, uniq_psyche
D:11:     layout_loops_corners, orc_0_dummy, enter_bailey_7,
          cheibrodos_worm_habitat
D:12:     layout_rooms
D:13:     layout_gridville, serial_shops, nicolae_shop_advertising_works
          [nicolae_subvault_shop_adworks], nicolae_lakefront_shop, shop,
          minmay_radiant
Temple:   grunt_wide_crystal_templ
Lair:1:   layout_big_grid, gammafunk_ghost_grave, grunt_megastairs_3
Lair:2:   layout_layer_cave, guppyfry_snake_entry_garden, serial_bayou_lagoon_b
Lair:3:   layout_concentric_octagons, minmay_shoals_entry_hut,
          columned_hall_lemuel, serial_bayou_shore_a, lemuel_fruit_fields,
          uniq_gastronok
Lair:4:   layout_long_grid, nicolae_lair_time_for_slime
Orc:1:    layout_caves, uniq_erica
Orc:2:    pf_orc_diabolical, layout_diamond_mine, ebering_ghost_disaster_area,
          nicolae_orc_crystal_geode, uniq_donald

Skill      XL: |  1  2  3  4  5  6  7  8  9 10 11 12 13 14 |
---------------+-------------------------------------------+-----
Fighting       | 2 3 4 5 6 7 9 10 12 13 14 | 14.3
Unarmed Combat | 3 4 5 6 8 9 11 12 13 | 13.7
Transmutations | 2 3 4 5 6 7 8 9 |  9.3
Dodging        | 2 3 4 5 6 7 8 10 | 10.2
Spellcasting   | 3 |  3.5
Poison Magic   | 1 2 |  2.0
Ice Magic      | 1 3 4 |  4.0
Evocations     | 3 |  3.5

Action                   |  1- 3 |  4- 6 |  7- 9 | 10-12 | 13-15 || total
-------------------------+-------+-------+-------+-------+-------++-------
Melee: Unarmed           |   152 |    77 |   289 |   479 |   363 ||  1360
       Headbutt          |     9 |       |       |       |       ||     9
       Kick              |     9 |       |       |       |       ||     9
       Hand crossbow     |       |       |     1 |       |       ||     1
 Fire: Hand crossbow     |       |       |    69 |    62 |    64 ||   195
       Fustibalus        |       |       |       |       |     1 ||     1
Throw: Stone             |    71 |    10 |       |       |       ||    81
       Boomerang         |       |     3 |    31 |     3 |       ||    37
       Dart              |       |       |    12 |     2 |       ||    14
 Cast: Beastly Appendage |    25 |       |       |       |       ||    25
       Spider Form       |     5 |    10 |    40 |    21 |    19 ||    95
       Wereblood         |       |       |    10 |    18 |    21 ||    49
       Ice Form          |       |       |     4 |    24 |    21 ||    49
Invok: Lunge             |       |       |     2 |    18 |    32 ||    52
       Whirlwind         |       |       |       |    35 |    11 ||    46
 Abil: End Transformatio |       |       |     2 |       |     4 ||     6
       Wall Jump         |       |       |       |     1 |     1 ||     2
Evoke: Wand              |       |       |     1 |     7 |     4 ||    12
  Use: Scroll            |     5 |       |    12 |     8 |     6 ||    31
       Potion            |       |     4 |       |       |     2 ||     6
 Stab: Sleeping          |     1 |       |       |       |       ||     1
Armor: Robe              |    57 |     6 |    37 |    11 |     5 ||   116
       Skin              |       |     5 |    28 |    98 |    70 ||   201
Dodge: Dodged            |    91 |    75 |   296 |   431 |   223 ||  1116

Table legend: (Time is in decaauts)
 A = Elapsed time spent in this place.
 B = Non-inter-level travel time spent in this place.
 C = Inter-level travel time spent in this place.
 D = Time resting spent in this place.
 E = Time spent auto-exploring this place.
 F = Levels seen in this place.
 G = Mean time per level.
                   A        B        C        D        E       F      G
               +--------+--------+--------+--------+--------+-----+--------+
         Total |  19009 |  17391 |   1618 |    609 |  13080 |  21 |  905.2 |
       Dungeon |  13648 |  12387 |   1261 |    295 |   9446 |  13 | 1049.8 |
        Temple |     58 |     50 |      8 |      0 |     32 |   1 |   58.0 |
          Lair |   4648 |   4312 |    336 |    212 |   3324 |   4 | 1162.0 |
  Orcish Mines |    486 |    475 |     11 |     76 |    274 |   2 |  243.0 |
        Bailey |    168 |    168 |      0 |     26 |      3 |   1 |  168.0 |
               +--------+--------+--------+--------+--------+-----+--------+

Top non-repeatable levels by time:
  Lair:2: 1563 daAuts
     D:4: 1456 daAuts
     D:1: 1346 daAuts
    D:11: 1336 daAuts
     D:2: 1299 daAuts
     D:5: 1295 daAuts
     D:7: 1112 daAuts
    D:10: 1095 daAuts
  Lair:4: 1065 daAuts
  Lair:1: 1053 daAuts
     D:9: 1022 daAuts
     D:6: 1009 daAuts
  Lair:3: 965 daAuts
     D:3: 788 daAuts
    D:12: 672 daAuts
